 Dungeon Crawl Stone Soup version 0.21.1-1-g345015f (webtiles) character file.

1005 Fang the Chopper (level 8, -3/50 HPs)
             Began as a Gargoyle Berserker on May 18, 2018.
             Was a Priest of Trog.
             Slain by Duvessa
             ... wielding a +0 rapier
              (7 damage)
             ... on level 5 of the Dungeon.
             The game lasted 00:05:40 (4381 turns).

Fang the Chopper (Gargoyle Berserker)               Turns: 4381, Time: 00:05:42

Health: -3/50      AC:  8    Str: 23    XL:     8   Next: 20%
Magic:  8/8        EV: 16    Int:  8    God:    Trog [***...]
Gold:   194        SH:  0    Dex:  9    Spells: 7/7 levels left

rFire    . . .     SeeInvis .   a - +0 hand axe
rCold    . . .     Gourm    .   (no shield)
rNeg     + . .     Faith    .   j - +1 robe of Salvation {MR+}
rPois    ∞         Spirit   .   (no helmet)
rElec    +         Reflect  .   (no cloak)
rCorr    .         Harm     .   (no gloves)
MR       +....                  (no boots)
Stlth    +.........             (no amulet)
HPRegen  0.16/turn              (no ring)
MPRegen  0.11/turn              t - +3 ring of evasion

@: berserk cooldown, slowed, very slow
A: negative energy resistance 1, electricity resistance, unbreathing,
petrification resistance, rot immunity, AC +5
a: Berserk, Trog's Hand, Burn Spellbooks, Renounce Religion


You were on level 5 of the Dungeon.
You worshipped Trog.
Trog was most pleased with you.
You were near starving.

You visited 1 branch of the dungeon, and saw 5 of its levels.

You collected 194 gold pieces.

Inventory:

Hand Weapons
 a - a +0 hand axe (weapon)
Armour
 j - the +1 robe of Salvation (worn) {MR+}
   (You found it on level 4 of the Dungeon)

   It affects your resistance to hostile enchantments.
Jewellery
 t - a +3 ring of evasion (right hand)
Wands
 o - a wand of paralysis (7)
Scrolls
 u - 2 scrolls of magic mapping
Potions
 e - a potion of might
 f - a potion of curing
 g - a potion of agility
 h - a potion of ambrosia
 n - a potion of haste
 r - 2 potions of brilliance
 x - 3 potions of mutation
Comestibles
 c - 4 rations
 k - 5 chunks of flesh


   Skills:
 + Level 5.4 Fighting
 + Level 6.5 Axes
 + Level 2.4 Armour
 + Level 4.2 Dodging
 + Level 1.5 Stealth


You had 7 spell levels left.
You didn't know any spells.

Dungeon Overview and Level Annotations

Branches:
Dungeon (5/15)             Temple (0/1) D:4

Altars:
Kikubaaqudgha
Trog
Zin

Shops:
D:2 *

Annotations:
D:5 Duvessa


Innate Abilities, Weirdness & Mutations

You are resistant to torment.
Your stone body is resilient. (AC +5)
You are immune to poison.
You resist negative energy. (rN+)
You are resistant to electric shocks. (rElec)
You can survive without breathing.
You are immune to petrification.
You are immune to rotting.


Message History

You hear a shout!
r - 2 potions of brilliance (gained 1)
Things that are here:
a dagger; a robe; the elf corpse of Dowan You hear a shout!
Unknown command.
You feel a strong urge to attack something.
Duvessa hits you with a rapier!
* * * LOW HITPOINT WARNING * * *
Found 24 sling bullets.
Things that are here:
a dagger; a robe; the elf corpse of Dowan You feel your anger nearly subside.
A frilled lizard comes into view.
You are no longer berserk.
You are exhausted.
You feel yourself slow down.
The frilled lizard hisses angrily.
Duvessa hits you with a rapier!
You die...

#........##.... l....
#....)...##)).. #....
#.........##... .##....
##..........###. ......
#.#........># ## #...(
#.######.#### ###....
#.######.######
......e##.#...........#
###...@).#.###########
............#
####....#[### #....))#
########


You could see Duvessa (berserk) and a frilled lizard.

Vanquished Creatures
  Prince Ribbit (D:5)
  The ghost of AkioCrescent the Covert, an amateur SpAs (D:4)
  Eustachio (D:4)
  A bullfrog (D:4)
  Dowan (D:5)
  A bullfrog skeleton (D:5)
  2 orc priests
  3 hounds
  Jessica (D:3)
  Natasha (thrice) (D:4)
  A worker ant (D:4)
  3 adders
  A howler monkey skeleton (D:4)
  An adder skeleton (D:4)
  4 worms
  The ghost of CLTBuddhas the Shield-Bearer, a weakling MiFi (D:3)
  3 dart slugs (D:1)
  3 leopard geckos
  9 orcs
  2 giant cockroaches (D:2)
  7 goblins
  5 hobgoblins
  2 jackals (D:4)
  4 kobolds
  3 bats
  6 frilled lizards
  A quokka zombie (D:5)
  12 rats
83 creatures vanquished.

Notes
Turn   | Place    | Note
-------+----------+-------------------------------------------
     0 | D:1      | Fang the Gargoyle Berserker began the quest for the Orb.
     0 | D:1      | Reached XP level 1. HP: 14/14 MP: 1/1
   154 | D:1      | Reached XP level 2. HP: 16/19 MP: 2/2
   202 | D:1      | Reached skill level 3 in Axes
   815 | D:2      | Reached XP level 3. HP: 18/24 MP: 3/3
  1237 | D:2      | Reached ** piety under Trog
  1424 | D:2      | Found Zin's Purification Station.
  1429 | D:2      | Found a glowing silver altar of Zin.
  1710 | D:3      | Found a faded altar of an unknown god.
  1820 | D:3      | Reached XP level 4. HP: 29/29 MP: 4/4
  1865 | D:3      | Noticed CLTBuddhas's ghost (weakling MiFi)
  1865 | D:3      | Found an ancient bone altar of Kikubaaqudgha.
  1865 | D:3      | Noticed Jessica
  1874 | D:3      | Killed Jessica
  1877 | D:3      | Killed CLTBuddhas's ghost
  1877 | D:3      | Reached skill level 4 in Axes
  2545 | D:4      | Found a staircase to the Ecumenical Temple.
  2648 | D:4      | Noticed Natasha
  2655 | D:4      | Killed Natasha
  2655 | D:4      | Reached XP level 5. HP: 33/33 MP: 5/5
  2678 | D:4      | Noticed Natasha
  2684 | D:4      | Killed Natasha
  2692 | D:4      | Noticed Natasha
  2706 | D:4      | Killed Natasha
  2848 | D:4      | Noticed AkioCrescent's ghost (amateur SpAs)
  2859 | D:4      | Killed AkioCrescent's ghost
  2859 | D:4      | Reached skill level 5 in Axes
  2859 | D:4      | Reached XP level 6. HP: 39/39 MP: 6/6
  3369 | D:4      | Got a warped robe
  3380 | D:4      | Identified the +1 robe of Salvation {MR+} (You found it on level 4 of the Dungeon)
  3507 | D:4      | Reached skill level 1 in Stealth
  3576 | D:4      | Reached XP level 7. HP: 42/44 MP: 7/7
  3723 | D:4      | Noticed Eustachio
  3807 | D:4      | Killed Eustachio
  4026 | D:4      | Reached skill level 5 in Fighting
  4147 | D:5      | Entered Level 5 of the Dungeon
  4150 | D:5      | Noticed a moth of wrath
  4153 | D:5      | Found a bloodstained altar of Trog.
  4278 | D:5      | Reached *** piety under Trog
  4278 | D:5      | Reached skill level 6 in Axes
  4283 | D:5      | Noticed Prince Ribbit
  4298 | D:5      | Killed Prince Ribbit
  4298 | D:5      | Reached XP level 8. HP: 39/49 MP: 8/8
  4363 | D:5      | Noticed Dowan
  4375 | D:5      | Noticed Duvessa
  4376 | D:5      | Killed Dowan
  4381 | D:5      | Slain by Duvessa

Skill      XL: |  1  2  3  4  5  6  7 |
---------------+----------------------+-----
Axes           | 3 4 5 6 |  6.5
Fighting       | 4 5 |  5.4
Dodging        | 2 3 4 |  4.2
Stealth        | 1 |  1.5
Armour         | |  2.4

Action                   |  1- 3 |  4- 6 |  7- 9 || total
-------------------------+-------+-------+-------++-------
Melee: Hand axe          |   118 |   114 |   146 ||   378
Invok: Berserk           |     1 |     4 |     5 ||    10
  Use: Scroll            |       |    12 |     2 ||    14
       Potion            |       |     3 |       ||     3
 Stab: Sleeping          |     1 |       |       ||     1
  Eat: Chunk             |     3 |     7 |     3 ||    13
       Ration            |       |     1 |     1 ||     2
Armor: Animal skin       |    40 |    19 |       ||    59
       Robe              |       |     7 |    57 ||    64
Dodge: Dodged            |    77 |    76 |   176 ||   329
